 Dungeon Crawl Stone Soup version 0.22.0-32-gbc6daba (webtiles) character file.

54 Goblin1989 the Insei (level 3, -2/26 HPs)
             Began as a Demonspawn Transmuter on Aug 22, 2018.
             Slain by Sigmund
             ... wielding a +0 scythe
              (8 damage)
             ... on level 2 of the Dungeon on Aug 23, 2018.
             The game lasted 00:04:10 (1264 turns).

Goblin1989 the Insei (Demonspawn Transmuter)        Turns: 1264, Time: 00:04:11

Health: -2/26      AC:  5    Str: 10    XL:     3   Next: 66%
Magic:  5/6        EV: 10    Int: 15    God:
Gold:   55         SH:  0    Dex: 13    Spells: 5/6 levels left

rFire    . . .     SeeInvis .     - Unarmed
rCold    . . .     Gourm    .   (no shield)
rNeg     . . .     Faith    .   k - +0 ring mail
rPois    .         Spirit   .   (no helmet)
rElec    .         Reflect  .   (no cloak)
rCorr    .         Harm     .   (no gloves)
MR       .....                  (no boots)
Stlth    ..........             m - amulet of the acrobat
HPRegen  0.08/turn              f - ring of attention (curse)
MPRegen  0.10/turn              (no ring)

@: lethally poisoned (-2 -> -7), very slightly contaminated
A: claws 1
a: no special abilities


You were on level 2 of the Dungeon.
You were not hungry.

You visited 1 branch of the dungeon, and saw 2 of its levels.

You collected 55 gold pieces.

Inventory:

Missiles
 a - 12 arrows
 n - 6 tomahawks of returning (quivered)
Armour
 b - a +0 robe
 k - a +0 ring mail (worn)
Jewellery
 f - a cursed ring of attention (left claw)
 m - an amulet of the acrobat (around neck)
Scrolls
 l - 3 scrolls of identify {unknown}
 q - a scroll of teleportation {unknown}
Potions
 g - a potion of ambrosia {unknown}
 i - a potion of agility {unknown}
 j - a potion of resistance {unknown}
 o - 2 potions of might {unknown}
 r - a potion of heal wounds {unknown}
Comestibles
 e - 3 rations
 p - 7 chunks of flesh


   Skills:
 + Level 1.4 Fighting
 + Level 0.8 Armour
 + Level 2.1 Dodging
 * Level 3.2 Unarmed Combat
 - Level 2.0 Spellcasting
 - Level 2.5 Transmutations


You had 5 spell levels left.
You knew the following spells:

 Your Spells              Type           Power        Failure   Level  Hunger
a - Beastly Appendage     Tmut           #.....       21%         1    #......

Your spell library contained the following spells:

 Spells                   Type           Power        Failure   Level  Hunger
 Sticks to Snakes         Tmut           #.......     30%         2    ###....
 Spider Form              Tmut/Pois      #.........   71%         3    ###....
 Ice Form                 Ice/Tmut       #.......     98%         4    #####..
 Blade Hands              Tmut           #.........   99%         5    ######.


Dungeon Overview and Level Annotations

Branches:
Dungeon (2/15)

Altars:

Annotations:
D:2 Sigmund


Innate Abilities, Weirdness & Mutations

You have sharp fingernails.


Message History

No target in view!
No target in view!
No target in view!
No target in view!
No target in view!
No target in view!
No target in view!
No target in view!
No target in view!
No target in view!
No target in view!
You butcher the frilled lizard corpse.
p - 4 chunks of flesh (gained 1) Health restored: 26
q - a scroll labeled FIQEKHL JUTEJI You butcher the rat corpse.
p - 5 chunks of flesh (gained 1)
A giant cockroach comes into view.
You barely miss the giant cockroach. The giant cockroach misses you.
You scratch the giant cockroach.
The giant cockroach is almost dead.
The giant cockroach closely misses you.
You barely miss the giant cockroach.
The giant cockroach is almost dead.
The giant cockroach closely misses you.
You barely miss the giant cockroach.
The giant cockroach is almost dead.
The giant cockroach bites you.
You take 1 damage, and have 25/26 hp.
You scratch the giant cockroach.
You kill the giant cockroach!
No target in view!
No target in view!
No target in view!
No target in view!
No target in view!
No target in view!
No target in view!
No target in view!
No target in view!
No target in view!
No target in view!
No target in view!
No target in view!
No target in view!
No target in view!
No target in view!
Health restored: 26
Found a stone staircase leading down.
You see here 19 stones {@Q3}.
You become a peacekeeper!
Welcome back, Goblin1989 the Demonspawn Transmuter.
Press ? for a list of commands and other information.
You butcher the giant cockroach corpse.
p - 7 chunks of flesh (gained 2)
r - a ruby potion You now have 55 gold pieces (gained 8).
An adder and Sigmund come into view.
Sigmund shouts!
The adder hisses angrily.
The adder completely misses you. Sigmund misses you.
The adder barely misses you. The adder closely misses you.
Casting: Beastly Appendage (safe; 21% risk of failure)
Confirm with . or Enter, or press ? or * to list all spells.
You miscast Beastly Appendage.
You are very lightly contaminated with residual magic.
Your skin tingles.
The adder bites you.
You are poisoned.
The adder poisons you!
You take 2 damage, and have 24/26 hp.
You now have 5/6 mp.
You scratch the adder.
The adder is severely wounded.
You feel sick. The adder bites you.
You take 2 damage, and have 22/26 hp.
You barely miss the adder.
The adder is severely wounded.
The adder bites you but does no damage. The adder misses you.
You claw the adder!
You kill the adder!
You feel sick. Sigmund hits you with a scythe.
You take 3 damage, and have 19/26 hp.
You barely miss Sigmund. You scratch Sigmund.
Sigmund is lightly wounded.
You feel sick. Sigmund misses you.
You take 1 damage, and have 18/26 hp.
Unknown command.
You barely miss Sigmund.
Sigmund is lightly wounded.
Sigmund says, "Don't worry, I'll kill you fast."
Sigmund hits you with a scythe!
Ouch! That really hurt!
* * * LOW HITPOINT WARNING * * *
You take 13 damage, and have 5/26 hp.
MASSIVE DAMAGE!!
You scratch Sigmund.
Sigmund is moderately wounded.
You scratch Sigmund but do no damage.
Sigmund is moderately wounded.
Sigmund hits you with a scythe!
You die...

..█.██.█████...█.
.. █.██.█.......█.
... █.██.█.███...█.
█.. █.██.█▲███<..█.
█.....██..█.
█.....▲...█. ██
██.....███...
█.█████............
█@█...██████████.█
██@██.............
███.████████████▲
█........ ..
..@...... ..
█████..... .. .....
.... ...


You could see Sigmund.

Vanquished Creatures
  3 adders (D:2)
  A dart slug (D:1)
  A leopard gecko (D:1)
  2 bats (D:2)
  3 giant cockroaches
  4 goblins (D:1)
  2 hobgoblins
  3 jackals (D:1)
  4 frilled lizards
  A rat (D:2)
24 creatures vanquished.

Notes
Turn   | Place    | Note
-------+----------+-------------------------------------------
     0 | D:1      | Goblin1989 the Demonspawn Transmuter began the quest for the Orb.
     0 | D:1      | Reached XP level 1. HP: 15/15 MP: 3/3
   361 | D:1      | Gained mutation: You have sharp fingernails. [demonic ancestry]
   361 | D:1      | Reached XP level 2. HP: 12/21 MP: 5/5
  1076 | D:2      | Reached skill level 3 in Unarmed Combat
  1076 | D:2      | Reached XP level 3. HP: 23/26 MP: 6/6
  1219 | D:2      | Upgraded the game from 0.22.0-27-ga576289 to 0.22.0-32-gbc6daba
  1250 | D:2      | Noticed Sigmund
  1264 | D:2      | Slain by Sigmund

Skill      XL: |  1  2  3 |
---------------+----------+-----
Transmutations | 2 |  2.5
Unarmed Combat | 3 |  3.2
Dodging        | 2 |  2.1
Fighting       | |  1.4
Armour         | |  0.8
Spellcasting   | |  2.0

Action                   || total
-------------------------++-------
Melee: Unarmed           ||   115
       Kick              ||     2
       Headbutt          ||     1
 Cast: Beastly Appendage ||     2
  Eat: Chunk             ||     1
Armor: Robe              ||    12
       Ring mail         ||    17
Dodge: Dodged            ||    79

Vault maps used:
D:1:      ncdulo_watergridlock
D:2:      chequers_ecumenical_altar_twisty, tgw_kikubaaqudgha, uniq_sigmund
